 Dungeon Crawl Stone Soup version 0.27-a0-1144-g0b7d3b79db (webtiles) character file.

Game seed: 14479392759227509705

51 kae the Skirmisher (level 3, 0/29 HPs)
             Began as a Demonspawn Abyssal Knight on May 10, 2021.
             Was a Follower of Lugonu.
             Slain by a goblin
             ... wielding a +0 club
             ... led by Robin
              (5 damage)
             ... on level 1 of the Dungeon.
             The game lasted 00:01:07 (1365 turns).

kae the Skirmisher (Demonspawn Abyssal Knight)      Turns: 1365, Time: 00:01:08

Health: 0/29       AC:  5    Str: 13    XL:     3   Next: 57%
Magic:  4/4        EV: 10    Int: 13    God:    Lugonu [*.....]
Gold:   29         SH:  0    Dex: 12    Spells: 2/2 levels left

rFire    . . .     SeeInvis .   e - +0 great sword
rCold    . . .     Faith    .   (shield currently unavailable)
rNeg     . . .     Spirit   .   g - +0 ring mail
rPois    .         Reflect  .   (no helmet)
rElec    .         Harm     .   (no cloak)
rCorr    .         Rampage  .   (no gloves)
Will     .....                  (no boots)
Stlth    +.........             (no amulet)
HPRegen  0.09/turn              (no ring)
MPRegen  0.09/turn              (no ring)

@: no status effects
A: hooves 1
a: Renounce Religion, Depart the Abyss


You were on level 1 of the Dungeon.
You worshipped Lugonu.
Lugonu was aware of your devotion.
You visited 1 branch of the dungeon, and saw 2 of its levels.
You visited the Abyss 1 time.

You collected 29 gold pieces.

Inventory:

Hand Weapons
 a - a +1 falchion
 e - a +0 great sword (weapon)
Armour
 g - a +0 ring mail (worn)
Jewellery
 d - a ring of fire
Scrolls
 c - a scroll of identify
 h - a scroll of enchant weapon {unknown}
Potions
 b - 3 potions of curing
 f - a potion of brilliance


   Skills:
 + Level 3.5 Fighting
 * Level 3.2 Long Blades
 - Level 1.7 Armour
 - Level 0.8 Dodging
 - Level 2.4 Invocations


You had 2 spell levels left.
You didn't know any spells.
Your spell library was empty.

Dungeon Overview and Level Annotations

Branches:
Dungeon (2/15)

Altars:
Cheibriados

Annotations:
D:2 Robin


Innate Abilities, Weirdness & Mutations

You have large cloven feet.


Message History

Lugonu accepts your kill.
The goblin no longer looks unusually strong.
The goblin hits you with a +0 club. x3; The goblin misses you.
The goblin no longer looks unusually strong.
You are too injured to fight recklessly!
You are too injured to fight recklessly!
You are too injured to fight recklessly!
You are too injured to fight recklessly!
You barely miss the goblin. You kick the goblin.
You kill the goblin!
Lugonu accepts your kill.
The goblin no longer looks unusually strong.
Your ring mail prevents you from hitting the goblin.
Your kick misses the goblin.
The goblin hits you but does no damage. x2
You hit the goblin.
The goblin is heavily wounded.
The goblin hits you with a +0 club. The goblin hits you but does no damage.
You barely miss the goblin. You kick the goblin.
You kill the goblin!
Lugonu accepts your kill.
You slash the goblin!
You kill the goblin!
Lugonu accepts your kill. The goblin closely misses you.
You riposte.
You closely miss the goblin.
There is a stone staircase leading up here.
Robin roars a battlecry!
The goblin goes into a battle-frenzy!
You hear a shout!
You climb upwards.
There is a stone staircase leading down here.
You closely miss the goblin. The goblin hits you with a +0 club. x2
* * * LOW HITPOINT WARNING * * *
You barely miss the goblin. The goblin hits you with a +0 club.
* * * LOW HITPOINT WARNING * * *
You closely miss the goblin. The goblin closely misses you.
You riposte.
You barely miss the goblin. Your kick misses the goblin.
The goblin hits you but does no damage.
You closely miss the goblin. Your kick misses the goblin.
The goblin hits you with a +0 club.
You die...

#### ...# ##.#
#######
#.######.....#
#.........##.#
##...[.....##.#
.#.........##.####
.......รท.......g@#
.######.#.########
.# #)#.#
.######.#.#
......#.#.#
#####'#...#####
..............#
..............#
..............#


You could see a goblin (strong).

Vanquished Creatures
  A dart slug (D:1)
  6 ball pythons (D:1)
  3 bats
  2 endoplasms (D:1)
  8 goblins
  10 hobgoblins
  3 jackals (D:1)
  2 quokkas
  A frilled lizard (D:1)
  2 kobolds
  2 rats
40 creatures vanquished.

Notes
Turn   | Place    | Note
-------+----------+-------------------------------------------
     0 | Abyss:1  | kae the Demonspawn Abyssal Knight began the quest for the
                  | Orb.
     0 | Abyss:1  | Reached XP level 1. HP: 18/18 MP: 2/2
    39 | Abyss:1  | Found a corrupted altar of Lugonu.
    65 | Abyss:1  | Noticed a Hell Sentinel
   100 | Abyss:2  | Found a corrupted altar of Lugonu.
   114 | Abyss:2  | Noticed a wretched star
   116 | D:1      | Escaped the Abyss
   182 | D:1      | Reached * piety under Lugonu
   389 | D:1      | Gained mutation: You have large cloven feet. [demonic
                  | ancestry]
   389 | D:1      | Reached XP level 2. HP: 13/24 MP: 3/3
   899 | D:1      | Reached XP level 3. HP: 29/29 MP: 4/4
  1295 | D:2      | Found a snail-covered altar of Cheibriados.
  1313 | D:2      | Noticed Robin
  1365 | D:1      | Slain by a goblin

Illustrated notes

Levels and vault maps discovered:
D:1:      sevenhm_arrival_forest_fort_small_5, layout_basic,
          minmay_misc_feat_nine_boxes
D:2:      layout_loops_ring, basic_altar, uniq_robin

Skill      XL: |  1  2  3 |
---------------+----------+-----
Long Blades    | 2 3 |  3.2
Fighting       | |  3.5
Armour         | |  1.7
Dodging        | |  0.8
Invocations    | |  2.4

Action                   || total
-------------------------++-------
Melee: Great sword       ||    82
       Kick              ||    15
Invok: Depart the Abyss  ||     1
  Use: Scroll            ||     2
Armor: Leather armour    ||    14
       Ring mail         ||    35
Dodge: Dodged            ||    60
       Rpst.: Great sword ||    21

Table legend: (Time is in decaauts)
 A = Elapsed time spent in this place.
 B = Non-inter-level travel time spent in this place.
 C = Inter-level travel time spent in this place.
 D = Time resting spent in this place.
 E = Time spent auto-exploring this place.
 F = Levels seen in this place.
 G = Mean time per level.
                   A        B        C        D        E       F      G
               +--------+--------+--------+--------+--------+-----+--------+
         Total |   1414 |   1405 |      9 |      0 |   1117 |   4 |  353.5 |
       Dungeon |   1298 |   1289 |      9 |      0 |   1029 |   2 |  649.0 |
         Abyss |    115 |    115 |      0 |      0 |     88 |   2 |   57.5 |
               +--------+--------+--------+--------+--------+-----+--------+

Top non-repeatable levels by time:
     D:1: 1032 daAuts
     D:2: 266 daAuts
 Abyss:1: 74 daAuts
 Abyss:2: 41 daAuts
